 Dungeon Crawl Stone Soup version 0.18.1-48-g4cf74bf (webtiles) character file.

799 sdOOK the Conjurer (level 7, -1/51 HPs)
             Began as a Demigod Conjurer on Aug 29, 2016.
             Slain by a gnoll
             ... wielding a +0 spear
              (8 damage)
             ... on level 5 of the Dungeon.
             The game lasted 00:47:14 (6001 turns).

sdOOK the Conjurer (Demigod Conjurer)               Turns: 6001, Time: 00:47:14

Health: -1/51      AC:  3    Str: 11    XL:     7   Next: 32%
Magic:  2/16       EV: 13    Int: 23    God:
Gold:   235        SH:  3    Dex: 16    Spells: 4 memorised, 4 levels left

rFire  x . .     SeeInvis .     s - +4 quarterstaff (chaos)
rCold  + . .     Gourm    .     a - +0 robe
rNeg   . . .     Faith    .     (shield currently unavailable)
rPois  .         Spirit   .     (no helmet)
rElec  .         Dismiss  .     t - +0 cloak
rCorr  .         Reflect  +     (no gloves)
SustAt +         Harm     .     (no boots)
MR     .....                    p - +3 amulet of reflection
Stlth  ++........               (no ring)
                                y - ring of ice

@: very slightly contaminated, not resistant to hostile enchantments, unstealthy
A: high mp 1, sustain attributes
a: no special abilities


You were on level 5 of the Dungeon.
You were not hungry.

You visited 1 branch of the dungeon, and saw 5 of its levels.
You also visited: Sewer.

You collected 235 gold pieces.

Inventory:

Hand Weapons
 e - a +1 dagger
 m - a +1 dagger of speed
 s - a +4 quarterstaff of chaos (weapon)
 u - a +2 mace of crushing
 w - a +4 hunting sling
 B - a +1 dagger of electrocution
Armour
 a - a +0 robe (worn)
 t - a +0 cloak (worn)
Jewellery
 p - a +3 amulet of reflection (around neck)
 y - a ring of ice (left hand)
Wands
 d - a wand of iceblast (2/15)
Scrolls
 f - 3 scrolls of remove curse
 h - 4 scrolls of amnesia
 j - a scroll of fear
 k - a scroll of fog
 A - a scroll of random uselessness {unknown}
Potions
 l - 2 potions of might
 o - a potion of magic
 q - a potion of brilliance
 r - a potion of resistance {unknown}
 v - a potion of haste {unknown}
 x - a potion of berserk rage {unknown}
 z - a potion of flight {unknown}
 D - 2 potions of lignification
Books
 b - a book of Conjurations

   Spells                             Type                      Level
   a - Magic Dart                     Conjuration                  1
   b - Searing Ray                    Conjuration                  2
   c - Dazzling Spray                 Conjuration/Hexes            3
   d - Fulminant Prism                Conjuration/Hexes            4
   e - Iskenderun's Mystic Blast      Conjuration                  4
   f - Iskenderun's Battlesphere      Conjuration/Charms           5
 n - a book of Conjurations

   Spells                             Type                      Level
   a - Magic Dart                     Conjuration                  1
   b - Searing Ray                    Conjuration                  2
   c - Dazzling Spray                 Conjuration/Hexes            3
   d - Fulminant Prism                Conjuration/Hexes            4
   e - Iskenderun's Mystic Blast      Conjuration                  4
   f - Iskenderun's Battlesphere      Conjuration/Charms           5
Comestibles
 c - 5 bread rations
 g - 3 meat rations
 i - a fruit
 C - a beef jerky
 E - a chunk of flesh


   Skills:
 + Level 0.6 Fighting
 + Level 0.1 Short Blades
 + Level 0.1 Staves
 + Level 2.7 Dodging
 + Level 3.1 Stealth
 + Level 4.4 Spellcasting
 + Level 6.2 Conjurations
 + Level 0.3 Hexes
 + Level 0.8 Evocations


You had 4 spell levels left.
You knew the following spells:

 Your Spells              Type           Power        Failure   Level  Hunger
a - Magic Dart            Conj           ####         1%          1    None
b - Searing Ray           Conj           ####..       1%          2    None
c - Dazzling Spray        Conj/Hex       ###...       10%         3    ##.....
d - Fulminant Prism       Conj/Hex       ###.......   30%         4    ####...


Dungeon Overview and Level Annotations

Branches:
Dungeon (5/15)
 Temple: D:4-7


Innate Abilities, Weirdness & Mutations

You have an increased reservoir of magic (+10% MP).
Your attributes are resistant to harm.


Message History

The gnoll shaman calls upon its god to heal the gnoll.
The gnoll's wounds heal themselves!
The searing ray misses the gnoll shaman.
The searing ray hits the gnoll.
The gnoll is almost dead.
The gnoll shaman prays to its god.
The gnoll shaman is healed somewhat.
The searing ray hits the gnoll shaman.
You kill the gnoll shaman!
The searing ray hits the gnoll.
You kill the gnoll!
Evoke which item? (* to show all) (? for menu, Esc to quit)
Zapping:
d - a wand of iceblast {zapped: 9} (will waste charges)
Press: ? - help, Shift-Dir - straight line, f - gnoll
Aim: a gnoll, wielding a spear (purple smoke)
The mass of ice explodes!
The iceblast engulfs the gnoll.
The gnoll is almost dead.
Evoking this partially-identified wand wasted a few charges.
The gnoll hits you from afar with a spear!
You die...

### #### ..
..# .. #.#
.## #@# .g
#)# # #. #g#
##
###..#g##§###
..
......g§§§§.#
#.
###########.#
##. #......#
.( ###
#.###### #.
.... #.#


You could see a gnoll.

Vanquished Creatures
  2 ogres (D:4)
  A centaur (D:4)
  A scorpion (D:4)
  A gnoll shaman (D:5)
  An orc wizard (D:4)
  Crazy Yiuf (D:3)
  A centaur skeleton (D:4)
  A giant frog skeleton (D:4)
  Ijyb (D:3)
  3 worker ants (D:4)
  2 gnolls (D:5)
  15 adders
  An ooze (D:4)
  2 worms
  2 dart slugs (D:1)
  A giant gecko (D:2)
  8 orcs
  5 ball pythons
  3 giant cockroaches
  7 goblins
  5 hobgoblins
  6 jackals (Sewer)
  A quokka (D:3)
  9 bats
  9 giant newts
  12 kobolds
  11 rats
  A plant (Sewer)
113 creatures vanquished.

Vanquished Creatures (others)
  A yak (D:4)
  A fulminant prism (D:4)
  2 plants (Sewer)
4 creatures vanquished.

Grand Total: 117 creatures vanquished

Notes
Turn   | Place    | Note
--------------------------------------------------------------
     0 | D:1      | sdOOK the Demigod Conjurer began the quest for the Orb.
     0 | D:1      | Reached XP level 1. HP: 14/14 MP: 5/5
   169 | D:1      | Reached skill level 4 in Conjurations
   274 | D:1      | Reached XP level 2. HP: 20/20 MP: 0/7
   278 | D:1      | Learned a level 2 spell: Searing Ray
   808 | D:1      | Reached XP level 3. HP: 26/26 MP: 5/8
   821 | D:1      | Learned a level 3 spell: Dazzling Spray
  1247 | D:2      | Found a glowing silver altar of Zin.
  1492 | D:2      | Found an iron altar of Okawaru.
  1500 | D:2      | Found an opulent altar of Gozag.
  1520 | D:2      | Found a burning altar of Makhleb.
  1523 | D:2      | Found a deep blue altar of Sif Muna.
  2413 | D:3      | Noticed Ijyb
  2439 | D:3      | Killed Ijyb
  2439 | D:3      | Reached XP level 4. HP: 32/33 MP: 4/10
  2718 | D:3      | Found a glowing drain.
  2726 | Sewer    | Entered a sewer
  2761 | Sewer    | Reached skill level 5 in Conjurations
  3496 | Sewer    | Reached XP level 5. HP: 37/39 MP: 6/12
  4448 | D:3      | Found a shimmering altar of Xom.
  4710 | D:3      | Noticed Crazy Yiuf
  4716 | D:3      | Killed Crazy Yiuf
  4965 | D:4      | Learned a level 4 spell: Fulminant Prism
  4979 | D:4      | Reached XP level 6. HP: 46/46 MP: 8/14
  5301 | D:4      | Found an oddly glowing altar of Pakellas.
  5301 | D:4      | Noticed an orange crystal statue
  5302 | D:4      | Noticed a yak
  5316 | D:4      | Killed a yak
  5691 | D:4      | Reached XP level 7. HP: 47/51 MP: 9/16
  5697 | D:4      | Reached skill level 6 in Conjurations
  5932 | D:5      | Entered Level 5 of the Dungeon
  6001 | D:5      | Slain by a gnoll

Skill      XL: |  1  2  3  4  5  6  7 |
---------------+----------------------+-----
Conjurations   | 4 5 6 |  6.2
Spellcasting   | 2 3 4 |  4.4
Dodging        | 2 |  2.7
Stealth        | 2 3 |  3.1
Fighting       | |  0.6
Short Blades   | |  0.1
Staves         | |  0.1
Hexes          | |  0.3
Evocations     | |  0.8

Action                   |  1- 3 |  4- 6 |  7- 9 || total
-------------------------+-------+-------+-------++-------
Melee: Dagger            |    10 |    72 |       ||    82
       Quarterstaff      |       |     1 |       ||     1
 Cast: Magic Dart        |    56 |    86 |     7 ||   149
       Searing Ray       |    16 |    24 |     5 ||    45
       Dazzling Spray    |     1 |     2 |       ||     3
       Fulminant Prism   |       |     1 |       ||     1
Evoke: Wand              |       |     2 |     2 ||     4
  Use: Scroll            |    10 |     2 |     2 ||    14
       Potion            |     3 |     2 |       ||     5
  Eat: Chunk             |     6 |     8 |     1 ||    15
       Fruit             |       |     3 |       ||     3
       Beef jerky        |       |     1 |       ||     1
Armor: Robe              |     4 |     6 |     1 ||    11
Dodge: Dodged            |    21 |    25 |     2 ||    48
Block: Other             |     4 |     8 |       ||    12
       Reflection        |     1 |     2 |       ||     3
